 Dungeon Crawl Stone Soup version 0.30-a0-341-g682706514a (webtiles) character file.

Game seed: 5933204911611792432

201 lunkers the Stinger (level 6, -1/45 HPs)
             Began as a Meteoran Venom Mage on Nov 1, 2022.
             Slain by a phantom (5 damage)
             ... on level 4 of the Dungeon.
             The game lasted 00:06:34 (1615 turns).

lunkers the Stinger (Meteoran Venom Mage)           Turns: 1615, Time: 00:06:34

Health: -1/45      AC:  6    Str: 10    XL:     6   Next: 29%
Magic:  10/13      EV: 12    Int: 18    God:
Gold:   195        SH:  0    Dex: 15    Spells: 4/14 levels left

rFire   + . .      SeeInvis .    o - +0 club (vorpal)
rCold   . . .      Faith    .    (no shield)
rNeg    . . .      Spirit   .    a - +0 robe
rPois   .          Reflect  .    v - +1 helmet
rElec   .          Harm     .    (no cloak)
rCorr   .          Rampage  .    s - +1 pair of gloves
Will    .....                    (no boots)
Stlth   +.........               (no amulet)
HPRegen 0.27/turn                i - +4 ring of slaying
MPRegen 0.13/turn                r - ring of protection from fire

@: glowing
A: sense surroundings 1, otherworldly, glowing, explore regen
a: no special abilities


You were on level 4 of the Dungeon.
You visited 1 branch of the dungeon, and saw 4 of its levels.

You collected 195 gold pieces.

Inventory:

Hand Weapons
 f - a +0 flail of venom
 o - a +0 vorpal club (weapon)
Armour
 a - a +0 robe (worn)
 k - a +4 scale mail of cold resistance
 l - a +3 scale mail
 s - a +1 pair of gloves (worn)
 v - a +1 helmet (worn)
Magical Staves
 j - a staff of air
Jewellery
 c - a ring of see invisible
 i - a +4 ring of slaying (left hand)
 r - a ring of protection from fire (right hand)
Wands
 h - a wand of charming (2)
Scrolls
 e - a scroll of blinking
 m - a scroll of teleportation
 q - a scroll of enchant armour
Potions
 b - a potion of magic
 d - 2 potions of lignification {unknown}
 g - a potion of invisibility {unknown}
 n - 2 potions of heal wounds {unknown}
 p - 2 potions of curing {unknown}
 t - a potion of mutation {unknown}
 u - a potion of cancellation {unknown}


   Skills:
 - Level 2.4 Dodging
 - Level 1.4 Stealth
 + Level 4.5 Spellcasting
 - Level 1.2 Transmutations
 + Level 3.0 Air Magic
 + Level 5.6 Poison Magic


You had 4 spell levels left.
You knew the following spells:

 Your Spells              Type           Power      Damage    Failure   Level
b - Poisonous Vapours     Pois/Air       38%        N/A       3%          2
c - Mephitic Cloud        Conj/Pois/Air  14%        N/A       13%         3
d - Olgreb's Toxic Radia  Pois           24%        N/A       14%         4
p - Sting                 Tmut/Pois      64%        1d6       3%          1

Your spell library contained the following spells:

 Spells                   Type           Power      Damage    Failure   Level
 Blink                    Tloc           8%         N/A       22%         2
 Momentum Strike          Conj/Tloc      8%         3d8       22%         2
 Call Canine Familiar     Summ           4%         N/A       38%         3
 Lesser Beckoning         Tloc           8%         N/A       38%         3
 Portal Projectile        Hex/Tloc       8%         N/A       38%         3
 Leda's Liquefaction      Hex/Erth       2%         N/A       80%         4


Dungeon Overview and Level Annotations

Branches:
Dungeon (4/15) Zot: 766
 Temple: D:4-7

Altars:

Annotations:
D:4 Menkaure


Innate Abilities, Weirdness & Mutations

You passively map a small area around you.
You are easily found by Zot.
You glow in the dark.
You regain HP and MP as you explore.


Message History

You hit the phantom but do no damage.
The phantom is heavily damaged.
The phantom closely misses you.
Press: ? - help, v - describe, . - travel
Here: a phantom (heavily damaged)
The floor.
Unknown command.
You closely miss the phantom.
The phantom is heavily damaged.
The phantom barely misses you. The phantom hits you.
* * * LOW HITPOINT WARNING * * *
You completely miss the phantom.
The phantom is heavily damaged.
The phantom closely misses you.
Unknown command.
You hit the phantom.
The phantom is severely damaged.
The phantom hits you but does no damage.
Unknown command.
You closely miss the phantom.
The phantom is severely damaged.
The phantom hits you but does no damage.
The phantom hits you.
* * * LOW HITPOINT WARNING * * *
You hit the phantom.
The phantom is almost destroyed.
The phantom closely misses you.
You miss the phantom.
The phantom is almost destroyed.
The phantom hits you.
* * * LOW HITPOINT WARNING * * *
You hit the phantom.
The phantom is almost destroyed.
The phantom closely misses you.
You barely miss the phantom.
The phantom is almost destroyed.
The phantom hits you.
* * * LOW HITPOINT WARNING * * *
The phantom hits you.
You die...

, * ..... * * , ..... ,* +*
, , ... * , .). ,
#######.#*** #######
........# .......
#####.##### .......,,,
#....W....# .......,,
#.###@###.#
.#####.#####.###.###.#
.#<..# #.............#
.###'###'###'###.#########
.#..#.......#..#.........###
.#..#.......#..#.#..†......#
.'..+###+###+..+...........#
.#..#, #..#.###.<.....#
##..# *
,#..#[...†###'#######


You could see a phantom.

Vanquished Creatures
  A hound (D:4)
  An iguana (D:4)
  Terence (D:1)
  Robin (D:4)
  3 adders
  2 worms
  2 dart slugs
  6 orcs (D:3)
  5 ball pythons
  2 endoplasms (D:3)
  2 giant cockroaches
  6 hobgoblins
  A jackal (D:2)
  4 quokkas
  4 bats
  3 frilled lizards
  14 goblins
  6 kobolds
  3 rats (D:3)
67 creatures vanquished.

Notes
Turn   | Place    | Note
-------+----------+-------------------------------------------
     0 | D:1      | lunkers the Meteoran Venom Mage began the quest for the
                  | Orb.
     0 | D:1      | Reached XP level 1. HP: 14/14 MP: 5/5
   105 | D:1      | Reached XP level 2. HP: 20/20 MP: 2/6
   143 | D:1      | Reached skill level 4 in Poison Magic
   309 | D:1      | Learned a level 2 spell: Poisonous Vapours
   466 | D:2      | Noticed Terence
   524 | D:2      | Reached XP level 3. HP: 26/26 MP: 3/8
   667 | D:1      | Killed Terence
   668 | D:1      | Reached skill level 1 in Air Magic
   668 | D:1      | Reached XP level 4. HP: 21/33 MP: 1/10
   695 | D:2      | Learned a level 3 spell: Mephitic Cloud
   720 | D:2      | You fall into a shaft and drop 1 floor!
  1047 | D:3      | Reached skill level 5 in Poison Magic
  1146 | D:3      | Found a faded altar of an unknown god.
  1283 | D:4      | Noticed Menkaure
  1285 | D:4      | Reached XP level 5. HP: 38/38 MP: 8/11
  1322 | D:3      | Learned a level 4 spell: Olgreb's Toxic Radiance
  1451 | D:4      | Noticed Robin
  1458 | D:4      | Killed Robin
  1545 | D:4      | Reached XP level 6. HP: 34/45 MP: 0/13
  1615 | D:4      | Slain by a phantom

Illustrated notes

Levels and vault maps discovered:
D:1:      minmay_arrival_split_and_join, layout_loops_ring
D:2:      kennysheep_big_flooded_room, layout_loops_ring, minmay_tetromino_s2,
          uniq_sigmund, uniq_terence, uniq_crazy_yiuf_cottage
D:3:      layout_rooms, hellmonk_ecumenical_altar_pennies_from_heaven,
          minivault_11
D:4:      layout_basic, mainiacjoe_overflow_24_doors,
          gammafunk_temple_overflow_wave, uniq_robin, uniq_menkaure

Skill      XL: |  1  2  3  4  5  6 |
---------------+-------------------+-----
Poison Magic   | 4 5 |  5.6
Spellcasting   | 3 4 |  4.5
Air Magic      | 1 2 3 |  3.0
Dodging        | |  2.4
Stealth        | |  1.4
Transmutations | |  1.2

Action                   |  1- 3 |  4- 6 || total
-------------------------+-------+-------++-------
Melee: Unarmed           |    18 |       ||    18
       Staff             |       |    66 ||    66
       Punch             |       |     1 ||     1
       Club              |       |    14 ||    14
 Cast: Sting             |    21 |    12 ||    33
       Poisonous Vapours |     4 |    26 ||    30
       Olgreb's Toxic Ra |       |     4 ||     4
  Use: Scroll            |       |     6 ||     6
Armor: Robe              |     3 |    35 ||    38
Dodge: Dodged            |    17 |    57 ||    74

Table legend: (Time is in decaauts)
 A = Elapsed time spent in this place.
 B = Non-inter-level travel time spent in this place.
 C = Inter-level travel time spent in this place.
 D = Time resting spent in this place.
 E = Time spent auto-exploring this place.
 F = Levels seen in this place.
 G = Mean time per level.
                   A        B        C        D        E       F      G
               +--------+--------+--------+--------+--------+-----+--------+
         Total |   1632 |   1390 |    242 |      0 |    631 |   4 |  408.0 |
       Dungeon |   1632 |   1390 |    242 |      0 |    631 |   4 |  408.0 |
               +--------+--------+--------+--------+--------+-----+--------+

Top non-repeatable levels by time:
     D:1: 533 daAuts
     D:2: 441 daAuts
     D:3: 394 daAuts
     D:4: 263 daAuts
